 Dungeon Crawl Stone Soup version 0.24-a0-378-g94936e539c (webtiles) character file.

Game seed: 8307047253456024684

9407 Arthanis the Cleaver (level 11, -1/73 HPs)
             Began as a Gargoyle Berserker on May 25, 2019.
             Was a High Priest of Trog.
             Slain by a slime creature (11 damage)
             ... on level 12 of the Dungeon on June 2, 2019.
             The game lasted 00:14:57 (7902 turns).

Arthanis the Cleaver (Gargoyle Berserker)           Turns: 7902, Time: 00:14:58

Health: -1/73      AC: 26    Str: 25    XL:     11   Next: 46%
Magic:  13/13      EV:  5    Int: 11    God:    Trog [*****.]
Gold:   532        SH:  9    Dex: 12    Spells: 10/10 levels left

rFire    . . .     SeeInvis .   D - +0 war axe
rCold    . . .     Gourm    .   U - +0 shield
rNeg     + . .     Faith    .   K - +0 plate armour
rPois    ∞         Spirit   .   k - +2 helmet
rElec    +         Reflect  .   (no cloak)
rCorr    .         Harm     .   r - +1 pair of gloves
MR       ++...                  (no boots)
Stlth    ..........             (no amulet)
HPRegen  1.22/turn              C - +4 ring of strength
MPRegen  0.13/turn              H - +3 ring of dexterity

@: berserk cooldown, regenerating, slowed, very slow
A: negative energy resistance 1, electricity resistance, unbreathing,
petrification resistance, rot immunity, AC +8
a: Berserk, Trog's Hand, Brothers in Arms, Renounce Religion


You were on level 12 of the Dungeon.
You worshipped Trog.
Trog was extremely pleased with you.
You were hungry.

You visited 1 branch of the dungeon, and saw 12 of its levels.

You collected 647 gold pieces.
You spent 115 gold pieces at shops.

Inventory:

Hand Weapons
 a - a +0 hand axe
 b - the cursed +0 rapier "Rymmoimib" {flame, Str+3}
   (You found it on level 11 of the Dungeon)

   It has been specially enchanted to burn those struck by it, causing extra
   injury to most foes and up to half again as much damage against particularly
   susceptible opponents.
   It affects your strength (+3).
   It has a curse placed upon it.
 v - a +0 spear
 D - a +0 war axe (weapon)
 L - a +0 flail
 M - a +1 vampiric halberd
Missiles
 q - 2 throwing nets (quivered)
Armour
 k - a +2 helmet (worn)
 r - a +1 pair of gloves (worn)
 K - a +0 plate armour (worn)
 U - a +0 shield (worn)
Jewellery
 h - an uncursed ring of fire
 C - a +4 ring of strength (left hand)
 H - a +3 ring of dexterity (right hand)
Wands
 i - a wand of iceblast (11)
 n - a wand of random effects (24)
 p - a wand of flame (29)
 E - a wand of polymorph (18)
 J - a wand of acid (6)
 P - a wand of enslavement (13)
 T - a wand of paralysis (4)
Scrolls
 d - 3 scrolls of enchant armour
 o - 2 scrolls of amnesia
 t - 4 scrolls of teleportation
 u - 4 scrolls of immolation {unknown}
 w - a scroll of summoning {unknown}
 x - 2 scrolls of fog {unknown}
 y - 7 scrolls of remove curse
 A - a scroll of noise {unknown}
 N - 3 scrolls of enchant weapon
Potions
 e - 5 potions of curing
 f - 4 potions of brilliance {unknown}
 g - 3 potions of lignification {unknown}
 j - a potion of magic {unknown}
 l - 4 potions of mutation {unknown}
 m - 3 potions of degeneration {unknown}
 s - 4 potions of flight {unknown}
 z - a potion of berserk rage {unknown}
 B - a potion of ambrosia {unknown}
 F - a potion of heal wounds {unknown}
 O - a potion of resistance {unknown}
 R - a potion of cancellation {unknown}
Comestibles
 c - 25 rations
 I - 10 chunks of flesh


   Skills:
 + Level 10.7 Fighting
 * Level 12.1 Axes
 + Level 6.6 Armour
 - Level 2.0 Dodging
 + Level 2.0 Shields
 + Level 2.9 Evocations


You had 10 spell levels left.
You didn't know any spells.
Your spell library contained the following spells:

 Spells                   Type           Power        Failure   Level  Hunger
 Animate Skeleton         Necr           N/A          100%        1    ##.....
 Apportation              Tloc           #.....       100%        1    ##.....
 Confusing Touch          Hex            #.....       100%        1    ##.....
 Magic Dart               Conj           #...         100%        1    ##.....
 Sting                    Conj/Pois      #...         100%        1    ##.....
 Summon Small Mammal      Summ           #...         100%        1    ##.....
 Poisonous Vapours        Pois/Air       #.....       100%        2    ###....
 Searing Ray              Conj           #.....       100%        2    ###....
 Dazzling Spray           Conj/Hex       #.....       100%        3    ####...
 Mephitic Cloud           Conj/Pois/Air  #.......     100%        3    ####...
 Force Lance              Conj/Tloc      #.......     100%        4    #####..
 Fulminant Prism          Conj/Hex       #.........   100%        4    #####..
 Iskenderun's Mystic Bla  Conj           #.......     100%        4    #####..
 Olgreb's Toxic Radiance  Pois           #.......     100%        4    #####..
 Venom Bolt               Conj/Pois      #.........   100%        5    ######.


Dungeon Overview and Level Annotations

Branches:
Dungeon (12/15)            Temple (0/1) D:7             Orc (0/2) D:11
   Lair: D:8-11

Altars:
Dithmenos
Fedhas
Gozag
Hepliaklqana
Okawaru
Sif Muna
Trog
Uskayaw
The Shining One

Shops:
D:4 [


Innate Abilities, Weirdness & Mutations

You are resistant to torment.
Your stone body is resilient. (AC +8)
You are immune to poison.
You resist negative energy. (rN+)
You are resistant to electric shocks. (rElec)
You can survive without breathing.
You are immune to petrification.
You are immune to rotting.


Message History

You block the very large slime creature's attack.
The slime creature hits you.
* * * LOW HITPOINT WARNING * * *
Two slime creatures merge to form an enormous slime creature.
The slime creature barely misses you.
You slash the enormous slime creature!
The enormous slime creature is moderately wounded.
You slash the slime creature!
Your shield and plate armour prevent you from hitting the slime creature.
The slime creature hits you but does no damage.
You feel a strong urge to attack something.
You feel your anger nearly subside.
You are no longer berserk.
You are exhausted.
You feel yourself slow down.
Your skin crawls.
You feel resistant to hostile enchantments.
You feel somewhat more hungry. You block the slime creature's attack.
An enormous slime creature splits.
The slime creature hits you!
You die...

#......#....##.....
#......#....##.....
#......#...........
#......'...........
#......##'####.....
#....>.#....##.....
#......#...........
#......+...........
#.@....#....##.....
#.JJ...#....##.....
#.JJ...#...........
#......#.....>..<..
#......#....>......
#......####+#######
....####.......#....#
..... #.......#.....
..... +.......#.....


You could see 2 large slime creatures and 2 slime creatures.

Vanquished Creatures
  Erolcha (D:10)
  A two-headed ogre (D:12)
  4 trolls
  2 hornets (D:10)
  The ghost of Killmatronix the Sneak, an amateur HuAs (D:3)
  3 hippogriffs
  A shadow (D:11)
  4 yaks (D:9)
  A wraith (D:10)
  A wyvern (D:10)
  A hungry ghost (D:11)
  A soldier ant (D:12)
  2 porcupines (D:11)
  Edmund (D:6)
  4 orc warriors
  Duvessa (D:6)
  5 ice beasts
  2 black bears
  A sky beast (D:11)
  A phantom (D:5)
  4 ogres
  2 centaurs
  8 bullfrogs
  Blork the orc (D:6)
  A wyvern skeleton (D:6)
  Dowan (D:6)
  A scorpion (D:5)
  3 killer bees (D:8)
  3 wights (D:9)
  2 electric eels (D:3)
  3 crimson imps
  2 quasits
  A bullfrog zombie (D:8)
  5 hounds
  8 orc priests
  2 centaur skeletons
  5 jellies
  3 iguanas
  Jessica (D:2)
  13 orc wizards
  8 worker ants
  2 hound skeletons
  A worker ant zombie (D:10)
  4 gnolls (D:9)
  11 adders
  2 shadow imps
  2 oozes (D:1)
  An adder skeleton (D:5)
  A worm (D:2)
  A dart slug (D:3)
  6 leopard geckos
  32 orcs
  2 bats (D:3)
  2 giant cockroaches (D:2)
  5 goblins
  2 hobgoblins
  15 jackals
  7 kobolds
  A quokka (D:5)
  2 ball pythons (D:3)
  10 frilled lizards
  A giant cockroach zombie (D:5)
  A leopard gecko skeleton (D:8)
  3 rats
229 creatures vanquished.

Vanquished Creatures (others)
  A fungus (D:11)
  A plant (D:3)
2 creatures vanquished.

Grand Total: 231 creatures vanquished

Notes
Turn   | Place    | Note
-------+----------+-------------------------------------------
     0 | D:1      | Arthanis the Gargoyle Berserker began the quest for the
                  | Orb.
     0 | D:1      | Reached XP level 1. HP: 14/14 MP: 1/1
   349 | D:1      | Reached XP level 2. HP: 16/19 MP: 2/2
   499 | D:1      | Reached skill level 3 in Axes
   990 | D:2      | Noticed Jessica
  1004 | D:2      | Killed Jessica
  1004 | D:2      | Reached XP level 3. HP: 21/24 MP: 3/3
  1153 | D:2      | Reached XP level 4. HP: 29/29 MP: 4/4
  1205 | D:2      | Found a glowing golden altar of the Shining One.
  1764 | D:3      | Reached ** piety under Trog
  1833 | D:3      | Found a hide-covered altar of Uskayaw.
  1905 | D:3      | Found a transporter.
  1923 | D:3      | Found a transporter.
  2037 | D:3      | Reached XP level 5. HP: 33/33 MP: 5/5
  2312 | D:3      | Found a runed translucent door.
  2313 | D:3      | Noticed Killmatronix's ghost (amateur HuAs)
  2324 | D:3      | Killed Killmatronix's ghost
  2324 | D:3      | Reached skill level 4 in Axes
  2324 | D:3      | Reached XP level 6. HP: 39/39 MP: 6/6
  2382 | D:3      | Reached skill level 1 in Evocations
  2466 | D:4      | Reached XP level 7. HP: 42/44 MP: 8/8
  2602 | D:4      | Found an opulent altar of Gozag.
  2767 | D:4      | Reached skill level 5 in Fighting
  2767 | D:4      | Reached skill level 5 in Axes
  2932 | D:4      | Found Uhahaol's Armour Shoppe.
  2935 | D:4      | Bought a +1 pair of gloves for 115 gold pieces
  2972 | D:5      | Entered Level 5 of the Dungeon
  3063 | D:5      | Found a deep blue altar of Sif Muna.
  3216 | D:5      | Reached skill level 6 in Axes
  3281 | D:5      | Noticed a hippogriff
  3291 | D:5      | Killed a hippogriff
  3291 | D:5      | Reached XP level 8. HP: 30/51 MP: 9/9
  3562 | D:6      | Found a hazy altar of Hepliaklqana.
  3568 | D:6      | Noticed Blork the orc
  3580 | D:6      | Killed Blork the orc
  3592 | D:6      | Noticed Edmund
  3602 | D:6      | Killed Edmund
  3602 | D:6      | Reached skill level 7 in Axes
  3617 | D:6      | Noticed Dowan
  3635 | D:6      | Killed Dowan
  3657 | D:6      | Noticed Duvessa
  3799 | D:6      | Reached *** piety under Trog
  3807 | D:6      | Killed Duvessa
  3810 | D:6      | Reached skill level 8 in Axes
  3826 | D:6      | Found a bloodstained altar of Trog.
  3865 | D:6      | Reached XP level 9. HP: 55/57 MP: 10/10
  4033 | D:6      | Found a blossoming altar of Fedhas.
  4642 | D:7      | Found a shadowy altar of Dithmenos.
  4930 | D:7      | Reached skill level 5 in Armour
  4951 | D:7      | Found a staircase to the Ecumenical Temple.
  5067 | D:7      | Reached skill level 9 in Axes
  5336 | D:8      | Reached **** piety under Trog
  5446 | D:8      | Found an iron altar of Okawaru.
  5902 | D:9      | Noticed a troll
  5909 | D:9      | Killed a troll
  5909 | D:9      | Reached XP level 10. HP: 65/65 MP: 11/11
  6008 | D:9      | Reached skill level 10 in Axes
  6498 | D:10     | Entered Level 10 of the Dungeon
  6656 | D:10     | Reached skill level 11 in Axes
  6815 | D:10     | Reached skill level 10 in Fighting
  6899 | D:10     | Noticed Erolcha
  6910 | D:10     | Killed Erolcha
  6910 | D:10     | Reached XP level 11. HP: 14/72 MP: 12/12
  6914 | D:10     | Upgraded the game from 0.24-a0-358-g53aee78b01 to
                  | 0.24-a0-378-g94936e539c
  7270 | D:11     | Reached ***** piety under Trog
  7411 | D:11     | Got a bloodstained rapier
  7576 | D:11     | Found a staircase to the Orcish Mines.
  7625 | D:11     | You fall into a shaft and drop 1 floor!
  7628 | D:12     | Identified the cursed +0 rapier "Rymmoimib" {flame, Str+3}
                  | (You found it on level 11 of the Dungeon)
  7646 | D:12     | Reached skill level 12 in Axes
  7646 | D:12     | Reached skill level 1 in Shields
  7668 | D:12     | Noticed a two-headed ogre
  7677 | D:12     | Killed a two-headed ogre
  7902 | D:12     | Slain by a slime creature

Levels and vault maps discovered:
D:1:      dpeg_arrival_solitude, layout_basic, palyth_stone_intersect
D:2:      layout_basic, tso_metal_star, uniq_jessica
D:3:      gammafunk_steamed_eel, layout_basic, eat_drink_and_be_merry_uskayaw,
          first_ration, gammafunk_ghost_grave
D:4:      layout_basic, kennysheep_little_box, serial_shops, kennysheep_mini
D:5:      layout_cave_pools, kennysheep_mini_moat
D:6:      layout_basic, old_standard_altar, lemuel_round_altar, basic_altar,
          minivault_23, uniq_blork_the_orc, uniq_edmund, uniq_duvessa
D:7:      layout_basic, overflow_temple_1_default,
          minmay_temple_entry_nine_rooms, grunt_ogre_cave,
          chequers_serial_rivers_room_a
D:8:      layout_loops_ring, okawaru_ov_weapons_minmay
D:9:      layout_basic
D:10:     layout_irregular_city, uniq_erolcha
D:11:     layout_irregular_city, grunt_lair_entry_orc_guard_hut,
          minmay_orc_entry_temple_small, serial_glass, glass_columns_a,
          glass_columns_a, grunt_decor_fettered
D:12:     layout_gridville

Skill      XL: |  1  2  3  4  5  6  7  8  9 10 11 |
---------------+----------------------------------+-----
Axes           | 3 4 6 8 9 11 12 | 12.1
Dodging        | 2 |  2.0
Armour         | 3 4 6 |  6.6
Fighting       | 4 6 7 8 10 | 10.7
Evocations     | 2 |  2.9
Shields        | 2 |  2.0

Action                   |  1- 3 |  4- 6 |  7- 9 | 10-12 || total
-------------------------+-------+-------+-------+-------++-------
Melee: Hand axe          |    73 |   154 |   144 |       ||   371
       War axe           |       |       |   269 |   306 ||   575
       Unarmed           |       |       |     3 |       ||     3
Invok: Berserk           |     1 |     1 |     6 |     5 ||    13
       Trog's Hand       |       |       |     2 |     3 ||     5
Evoke: Wand              |       |     5 |       |       ||     5
  Use: Scroll            |       |       |     5 |     4 ||     9
  Eat: Chunk             |     2 |     5 |    17 |    13 ||    37
       Ration            |       |       |       |     1 ||     1
Armor: Animal skin       |     7 |       |       |       ||     7
       Ring mail         |    25 |    85 |   114 |       ||   224
       Skin              |       |       |     1 |       ||     1
       Chain mail        |       |       |   150 |    39 ||   189
       Plate armour      |       |       |       |   233 ||   233
Dodge: Dodged            |    41 |   115 |   212 |   103 ||   471
Block: Shield            |       |       |       |    58 ||    58

Table legend:
 A = Non-vault XP
 B = Vault XP
 C = Vault XP percentage of total XP
 D = Non-vault monster count
 E = Vault monster count
 F = Vault count percentage of total count
                 A         B        C        D         E       F
            +---------+---------+-------+---------+---------+-------
      Total |   11039 |    2400 |  17.9 |     212 |      17 |   7.4
            +---------+---------+-------+---------+---------+-------
        D:1 |      28 |       0 |   0.0 |      11 |       0 |   0.0
        D:2 |      42 |      37 |  46.8 |      17 |       1 |   5.6
        D:3 |      66 |     381 |  85.2 |      24 |       3 |  11.1
        D:4 |     207 |       0 |   0.0 |       9 |       0 |   0.0
        D:5 |     726 |       0 |   0.0 |      15 |       0 |   0.0
        D:6 |     523 |     439 |  45.6 |      17 |       4 |  19.0
        D:7 |    1052 |     121 |  10.3 |      23 |       1 |   4.2
        D:8 |     671 |       0 |   0.0 |      18 |       0 |   0.0
        D:9 |    2691 |       0 |   0.0 |      31 |       0 |   0.0
       D:10 |    1742 |     952 |  35.3 |      16 |       1 |   5.9
       D:11 |    1417 |     470 |  24.9 |      22 |       7 |  24.1
       D:12 |    1874 |       0 |   0.0 |       9 |       0 |   0.0
            +---------+---------+-------+---------+---------+-------
